 Dungeon Crawl Stone Soup version 0.30-a0-263-ge22c4ad894 (webtiles) character file.

Game seed: 14150284020297330340

168 sscrono2 the Sneak (level 5, -1/36 HPs)
             Began as an Octopode Delver on Oct 13, 2022.
             Killed by nerve-wracking pain
             ... invoked by a shadow imp
              (4 damage)
             ... on level 5 of the Dungeon.
             The game lasted 00:01:12 (579 turns).

sscrono2 the Sneak (Octopode Delver)                 Turns: 579, Time: 00:01:15

Health: -1/36      AC:  1    Str: 13    XL:     5   Next: 49%
Magic:  5/5        EV: 13    Int: 13    God:
Gold:   49         SH:  0    Dex: 13    Spells: 4/4 levels left

rFire   . . .      SeeInvis .      - Unarmed
rCold   . . .      Faith    .    (no shield)
rNeg    . . .      Spirit   .    (helmet restricted)
rPois   .          Reflect  .    (no amulet)
rElec   .          Harm     .    (no ring)
rCorr   .          Rampage  .    (no ring)
Will    .....                    (no ring)
Stlth   ++++......               (no ring)
HPRegen 0.26/turn                (no ring)
MPRegen 0.09/turn                (no ring)
                                 (no ring)
                                 (no ring)

@: no status effects
A: almost no armour, amphibious, 8 rings, camouflage 1, gelatinous body 1,
(nimble swimmer 1), tentacles
a: no special abilities


You were on level 5 of the Dungeon.
You visited 1 branch of the dungeon, and saw 1 of its levels.

You collected 49 gold pieces.

Inventory:

Wands
 e - a wand of digging (3)
 g - a wand of roots (4)
Scrolls
 a - a scroll of fog
 b - 2 scrolls of magic mapping
 c - a scroll of fear
 f - 2 scrolls of amnesia {unknown}
Potions
 d - a potion of haste


   Skills:
 - Level 3.0 Fighting
 - Level 2.0 Dodging
 - Level 6.6 Stealth
 + Level 5.5 Unarmed Combat


You had 4 spell levels left.
You didn't know any spells.
Your spell library contained the following spells:

 Spells                   Type           Power      Damage    Failure   Level
 Slow                     Hex            0%         N/A       30%         1
 Confusing Touch          Hex            0%         N/A       67%         3
 Vampiric Draining        Necr           0%         2d6       67%         3


Dungeon Overview and Level Annotations

Branches:
Dungeon (5/15)
 Temple: D:4-7

Altars:


Innate Abilities, Weirdness & Mutations

You cannot wear most types of armour.
You are amphibious.
You can wear up to eight rings at the same time.
Your skin changes colour to match your surroundings (Stealth+).
Your rubbery body absorbs attacks. (AC +1, EV +1)
((You are camouflaged when in or above water. (Stealth+)))
You have tentacles for arms and can constrict up to eight enemies at once.


Message History

You tentacle-slap the white imp.
You kill the white imp!
You now have 49 gold pieces (gained 14).
Found 6 stones.
There is a stone staircase leading down here.
An iguana comes into view.
Found an escape hatch in the ceiling.
Found a stone staircase leading up.
A shadow imp comes into view.
The shadow imp shouts, "Quit, thou cockered toad-spotted swadder!"
You barely miss the iguana.
The iguana hisses angrily.
You grab the iguana. You constrict the iguana. The iguana barely misses you.
You tentacle-slap the iguana but do no damage.
You squeeze the iguana.
The iguana is heavily wounded.
You constrict the iguana. The iguana barely misses you.
The shadow imp gestures at you. Pain shoots through your body!
You barely miss the iguana.
You squeeze the iguana, but do no damage.
The iguana is heavily wounded.
You constrict the iguana. The iguana bites you!
You tentacle-slap the iguana but do no damage.
The iguana is severely wounded.
You constrict the iguana.
The iguana hisses menacingly.
The iguana bites you!
* * * LOW HITPOINT WARNING * * *
You tentacle-slap the iguana but do no damage.
The iguana is severely wounded.
You constrict the iguana. The iguana bites you.
* * * LOW HITPOINT WARNING * * *
You barely miss the iguana.
The iguana is almost dead.
You constrict the iguana.
You kill the iguana!
The shadow imp gestures at you. Pain shoots through your body!
You die...

#..# #.## #.#
#.# #.# ##.#
###..# ##....#
#....@#
#......<.#
.....5.....
............#
.............#
.........<....#
.........##.###
....###### ##


You could see a shadow imp.

Vanquished Creatures
  A scorpion (D:5)
  2 hounds (D:5)
  2 iguanas (D:5)
  2 adders (D:5)
  A white imp (D:5)
8 creatures vanquished.

Notes
Turn   | Place    | Note
-------+----------+-------------------------------------------
     0 | D:5      | sscrono2 the Octopode Delver began the quest for the Orb.
     0 | D:5      | Reached XP level 1. HP: 16/16 MP: 1/1
    54 | D:5      | Reached XP level 2. HP: 21/21 MP: 2/2
    84 | D:5      | HP: 1/21 [iguana (9)]
    86 | D:5      | Reached XP level 3. HP: 1/26 MP: 3/3
   216 | D:5      | Noticed a scorpion
   235 | D:5      | Killed a scorpion
   236 | D:5      | Reached XP level 4. HP: 9/31 MP: 4/4
   412 | D:5      | Reached skill level 5 in Unarmed Combat
   412 | D:5      | Reached XP level 5. HP: 29/36 MP: 5/5
   579 | D:5      | Killed from afar by a shadow imp

Illustrated notes

Levels and vault maps discovered:
D:5:      layout_cave_pods, kennysheep_generic_room_14, uniq_sigmund,
          uniq_grinder

Skill      XL: |  1  2  3  4 |
---------------+-------------+-----
Unarmed Combat | 3 4 5 |  5.5
Fighting       | |  3.0
Dodging        | |  2.0
Stealth        | |  6.6

Action                   |  1- 3 |  4- 6 || total
-------------------------+-------+-------++-------
Melee: Unarmed           |    13 |    20 ||    33
       Tentacles         |     8 |     2 ||    10
       Constrict         |     3 |     4 ||     7
       Punch             |       |     2 ||     2
 Stab: Sleeping          |     1 |     1 ||     2
Dodge: Dodged            |     2 |     8 ||    10

Table legend: (Time is in decaauts)
 A = Elapsed time spent in this place.
 B = Non-inter-level travel time spent in this place.
 C = Inter-level travel time spent in this place.
 D = Time resting spent in this place.
 E = Time spent auto-exploring this place.
 F = Levels seen in this place.
 G = Mean time per level.
                   A        B        C        D        E       F      G
               +--------+--------+--------+--------+--------+-----+--------+
         Total |    576 |    576 |      0 |    222 |    258 |   1 |  576.0 |
       Dungeon |    576 |    576 |      0 |    222 |    258 |   1 |  576.0 |
               +--------+--------+--------+--------+--------+-----+--------+

Top non-repeatable levels by time:
     D:5: 576 daAuts
